 Dungeon Crawl Stone Soup version 0.21-a0-201-g8501b10 (console) character file.

1139 Duffy the Magician (level 8, 0/36 HPs)
             Began as a Spriggan Fire Elementalist on Aug 18, 2017.
             Was an Initiate of Gozag.
             Slain by an ogre
             ... wielding a +0 giant club
              (24 damage)
             ... on level 5 of the Dungeon.
             The game lasted 00:07:19 (5391 turns).

Duffy the Magician (Spriggan Fire Elementalist)     Turns: 5391, Time: 00:07:20

Health: 0/36       AC:  3    Str:  4    XL:     8   Next: 14%
Magic:  14/18      EV: 18    Int: 18    God:    Gozag
Gold:   431        SH:  0    Dex: 17    Spells: 6/19 levels left

rFire    . . .     SeeInvis +   w - +2 dagger (venom)
rCold    + . .     Gourm    .   (shield restricted)
rNeg     . . .     Faith    .   a - +1 robe
rPois    .         Spirit   .   (helmet restricted)
rElec    .         Reflect  .   (no cloak)
rCorr    .         Harm     .   (gloves unavailable)
MR       +....                  (boots unavailable)
Stlth    ++........             (no amulet)
HPRegen  0.12/turn              q - ring of protection from cold
MPRegen  0.16/turn              (no ring)

@: very quick
A: unfitting armour, see invisible, herbivore 3, speed 3, slow metabolism 2
a: Potion Petition, Call Merchant, Bribe Branch, Renounce Religion


You were on level 5 of the Dungeon.
You worshipped Gozag.
Gozag was aware of your devotion.
You were not hungry.

You visited 1 branch of the dungeon, and saw 5 of its levels.
You also visited: Sewer.

You collected 453 gold pieces.
You paid 22 gold pieces to Gozag.

Inventory:

Hand Weapons
 w - a +2 dagger of venom (weapon)
Missiles
 r - a throwing net (quivered)
Armour
 a - a +1 robe (worn)
Jewellery
 q - a ring of protection from cold (left hand)
Wands
 y - a wand of random effects (10/48)
Scrolls
 e - a scroll of magic mapping
 g - a scroll of blinking
 s - a scroll of amnesia
Potions
 h - 6 potions of curing
 k - 3 potions of heal wounds {unknown}
 n - a potion of mutation {unknown}
 o - a potion of ambrosia {unknown}
 p - 3 potions of lignification
 x - a potion of degeneration {unknown}
 z - 2 potions of magic
Books
 b - a book of Flames

   Spells                             Type                      Level
   a - Flame Tongue                   Conjuration/Fire             1
   b - Throw Flame                    Conjuration/Fire             2
   c - Conjure Flame                  Conjuration/Fire             3
   d - Inner Flame                    Hexes/Fire                   3
   e - Sticky Flame                   Conjuration/Fire             4
   f - Fireball                       Conjuration/Fire             5
Comestibles
 c - 4 bread rations
 d - 3 fruits


   Skills:
 - Level 3.0 Dodging
 - Level 3.0 Stealth
 + Level 6.3 Spellcasting
 * Level 5.0 Conjurations
 + Level 4.8 Fire Magic


You had 6 spell levels left.
You knew the following spells:

 Your Spells              Type           Power        Failure   Level  Hunger
a - Flame Tongue          Conj/Fire      ###..        1%          1    None
j - Sticky Flame          Conj/Fire      ###.....     16%         4    ####...
k - Fireball              Conj/Fire      ###.......   38%         5    #####..
l - Conjure Flame         Conj/Fire      ###.....     4%          3    ##.....


Dungeon Overview and Level Annotations

Branches:
Dungeon (5/15)             Temple (0/1) D:4

Altars:
Ashenzari
Cheibriados
Dithmenos
Elyvilon
Gozag
Makhleb
Xom
Zin


Innate Abilities, Weirdness & Mutations

You are very small and have problems with some larger weapons.
You are too small for most types of armour.
You have supernaturally acute eyesight. (SInv)
You are a herbivore.
You cover ground extremely quickly.
You need consume almost no food.


Message History

Cast which spell? (? or * to list)
Aiming: Flame Tongue
Press: ? - help, Shift-Dir - straight line, f/p - ogre
Aim: an ogre, wielding a giant club (lightly wounded)
The flame tongue misses the ogre.
The ogre hits you with a giant club!
Cast which spell? (? or * to list)
Aiming: Flame Tongue
Press: ? - help, Shift-Dir - straight line, f/p - ogre
Aim: an ogre, wielding a giant club (lightly wounded)
The flame tongue hits the ogre.
The ogre is moderately wounded.
The ogre misses you.
Cast which spell? (? or * to list)
Aiming: Flame Tongue
Press: ? - help, Shift-Dir - straight line, f/p - ogre
Aim: an ogre, wielding a giant club (moderately wounded)
The flame tongue misses the ogre.
The ogre hits you with a giant club!!
Ouch! That really hurt!
You die...
Your body crumbles into a pile of gold.

......[......##.##
+###'############
,,#....#......#
,,#....#......#
,,#....#......#
**####.#**#..###########*
######.####'#........!..*
..............#.$.......*
..............+.@.......*
###############.O.......*
*,,,,,,,,,,...........*
*,,,,,,,,.............*
*,,,,,,.....).........*
*,,,,,,...............*
*******#........######*
#........# *,,,,,,,,*


You could see an ogre.

Vanquished Creatures
  A sky beast (D:5)
  6 big kobolds (Sewer)
  3 wights (D:4)
  2 howler monkeys (D:4)
  A bullfrog zombie (D:5)
  A centaur skeleton (D:4)
  An orc priest (D:4)
  An orc wizard (D:4)
  A worker ant (D:4)
  Terence (D:2)
  Robin (D:1)
  9 adders
  4 gnolls (D:3)
  2 river rats (Sewer)
  5 oozes
  6 worms
  2 dart slugs (D:1)
  A leopard gecko (D:5)
  11 orcs
  13 goblins
  7 hobgoblins
  A quokka (D:4)
  3 bats (D:2)
  7 frilled lizards
  10 kobolds
  8 rats
108 creatures vanquished.

Notes
Turn   | Place    | Note
-------+----------+-------------------------------------------
     0 | D:1      | Duffy the Spriggan Fire Elementalist began the quest for the Orb.
     0 | D:1      | Reached XP level 1. HP: 9/9 MP: 5/5
   177 | D:1      | Reached skill level 1 in Conjurations
   217 | D:1      | Reached XP level 2. HP: 13/13 MP: 2/6
   516 | D:2      | Reached skill level 3 in Spellcasting
   714 | D:2      | Noticed Robin
   720 | D:2      | Reached XP level 3. HP: 15/16 MP: 4/8
   813 | D:1      | Killed Robin
   978 | D:2      | Noticed Terence
   983 | D:2      | Killed Terence
   983 | D:2      | Reached XP level 4. HP: 12/21 MP: 1/10
   990 | D:1      | Learned a level 3 spell: Conjure Flame
   995 | D:1      | Learned a level 4 spell: Sticky Flame
  1780 | D:2      | Found a shimmering altar of Xom.
  1785 | D:2      | Found a burning altar of Makhleb.
  1788 | D:2      | Found a shattered altar of Ashenzari.
  2175 | D:3      | Reached XP level 5. HP: 20/24 MP: 4/11
  2409 | D:3      | Reached skill level 4 in Spellcasting
  2686 | D:3      | Found a faded altar of an unknown god.
  2725 | D:3      | Found an opulent altar of Gozag.
  2725 | D:3      | Found a shadowy altar of Dithmenos.
  2736 | D:3      | Became a worshipper of Gozag Ym Sagoz the Greedy
  2852 | D:4      | Found a staircase to the Ecumenical Temple.
  3055 | D:4      | Reached XP level 6. HP: 28/28 MP: 6/13
  3130 | D:4      | Found a glowing drain.
  3146 | Sewer    | Entered a sewer
  3591 | Sewer    | Reached skill level 5 in Spellcasting
  3796 | Sewer    | Reached XP level 7. HP: 32/32 MP: 11/15
  4172 | Sewer    | Learned a level 5 spell: Fireball
  4614 | D:4      | Reached skill level 6 in Spellcasting
  4694 | D:4      | Found a white marble altar of Elyvilon.
  4694 | D:4      | Found a glowing silver altar of Zin.
  4694 | D:4      | Found a snail-covered altar of Cheibriados.
  4836 | D:4      | Reached XP level 8. HP: 36/36 MP: 8/18
  5119 | D:5      | Entered Level 5 of the Dungeon
  5272 | D:5      | Reached skill level 5 in Conjurations
  5391 | D:5      | Slain by an ogre

Vault maps used:
D:1:      dpeg_arrival_tiny_e
D:2:      minitemple, first_bread, minmay_parallelograms, uniq_robin,
          uniq_terence
D:3:      gammafunk_temple_overflow_elements, chequers_ecumenical_altar_twisty
D:4:      gammafunk_temple_overflow_claw, minmay_temple_entry_trees,
          portal_sewer_entry_d
D:5:      grunt_ministairs_6, uniq_eustachio, uniq_grinder
Sewer:    sewer_co_tree

Skill      XL: |  1  2  3  4  5  6  7  8 |
---------------+-------------------------+-----
Conjurations   | 1 2 3 4 5 |  5.0
Spellcasting   | 3 4 5 6 |  6.3
Fire Magic     | 3 4 |  4.8
Dodging        | |  3.0
Stealth        | |  3.0

Action                   |  1- 3 |  4- 6 |  7- 9 || total
-------------------------+-------+-------+-------++-------
Melee: Unarmed           |       |     1 |       ||     1
       Dagger            |       |       |     2 ||     2
 Cast: Flame Tongue      |    56 |   120 |    74 ||   250
       Conjure Flame     |       |     1 |     3 ||     4
       Sticky Flame      |       |       |     2 ||     2
  Use: Scroll            |       |       |    13 ||    13
  Eat: Royal jelly       |       |       |     2 ||     2
Armor: Robe              |     3 |     1 |     4 ||     8
Dodge: Dodged            |    15 |    39 |    24 ||    78
